 Dungeon Crawl Stone Soup version 0.28.0-53-g5a82cb258f (webtiles) character file.

Game seed: 15186539663358829422

515 wingedge the Skirmisher (level 7, 0/55 HPs)
             Began as a Demonspawn Gladiator on June 12, 2022.
             Succumbed to bnorton916's ghost's poison
             ... on level 5 of the Dungeon.
             The game lasted 00:13:14 (3802 turns).

wingedge the Skirmisher (Demonspawn Gladiator)      Turns: 3802, Time: 00:13:15

Health: 0/55       AC:  7    Str: 14    XL:     7   Next: 0%
Magic:  6/10       EV: 11    Int: 12    God:
Gold:   168        SH:  0    Dex: 14    Spells: 8/10 levels left

rFire   . . .      SeeInvis .   a - +0 quarterstaff
rCold   . . .      Faith    .   (shield currently unavailable)
rNeg    . . .      Spirit   .   f - +0 ring mail
rPois   .          Reflect  .   c - +0 helmet
rElec   .          Harm     .   g - +0 cloak
rCorr   .          Rampage  .   (no gloves)
Will    .....                   (no boots)
Stlth   +.........              (no amulet)
HPRegen 0.18/turn               k - +4 ring of slaying
MPRegen 0.12/turn               (no ring)

@: lethally poisoned (0 -> -29)
A: hooves 2, spiny 1, demonic magic 1
a: no special abilities


You were on level 5 of the Dungeon.
You visited 1 branch of the dungeon, and saw 5 of its levels.

You collected 168 gold pieces.

Inventory:

Hand Weapons
 a - a +0 quarterstaff (weapon)
 q - a +0 long sword
 r - a +0 battleaxe
 x - a +2 rapier of draining
Missiles
 d - 2 throwing nets
 t - 14 sling bullets
 w - 6 poisoned darts
Armour
 b - a +0 leather armour
 c - a +0 helmet (worn)
 f - a +0 ring mail (worn)
 g - a +0 cloak (worn)
 n - an orb of guile
Jewellery
 k - a +4 ring of slaying (left hand)
 y - an amulet of faith
Wands
 s - a wand of flame (14)
Scrolls
 e - a scroll of blinking {unknown}
 h - a scroll of magic mapping {unknown}
 j - 9 scrolls of identify {unknown}
 l - a scroll of silence {unknown}
 m - a scroll of fog {unknown}
 p - a scroll of holy word {unknown}
Potions
 u - a potion of degeneration {unknown}
 v - a potion of heal wounds {unknown}


   Skills:
 + Level 4.9 Fighting
 + Level 3.4 Staves
 - Level 2.0 Throwing
 - Level 2.0 Armour
 - Level 3.0 Dodging
 + Level 2.3 Spellcasting
 + Level 1.6 Conjurations
 - Level 2.0 Summonings


You had 8 spell levels left.
You knew the following spells:

 Your Spells              Type           Power      Damage    Failure   Level
a - Magic Dart            Conj           20%        1d4       26%         1
b - Summon Small Mammal   Summ           24%        N/A       24%         1

Your spell library contained the following spells:

 Spells                   Type           Power      Damage    Failure   Level
 Searing Ray              Conj           10%        2d4       36%         2
 Call Canine Familiar     Summ           6%         N/A       56%         3
 Summon Guardian Golem    Hex/Summ       3%         N/A       71%         3
 Fulminant Prism          Conj/Hex       1%         3d6       98%         4


Dungeon Overview and Level Annotations

Branches:
Dungeon (5/15)
 Temple: D:4-7

Altars:

Annotations:
D:5 bnorton916's ghost, novice DEFE


Innate Abilities, Weirdness & Mutations

You have hoof-like feet.
You are partially covered in sharp spines.
Spells you cast may paralyse adjacent enemies.


Message History

The white imp hits you but does no damage.
Bnorton916's ghost hits you but does no damage.
You are poisoned.
The howler monkey simulacrum is struck by your spines.
The howler monkey simulacrum misses you.
You barely miss bnorton916's ghost. You kick bnorton916's ghost.
Bnorton916's ghost is heavily damaged.
You feel sick. The white imp misses you. Bnorton916's ghost hits you.
* * * LOW HITPOINT WARNING * * *
You are more poisoned.
The howler monkey simulacrum is struck by your spines.
The howler monkey simulacrum vaporises!
The white imp is struck by your spines. The white imp closely misses you.
Your magical contamination has completely faded away.
It was a potion of cancellation.
You feel magically purged.
* * * LOW HITPOINT WARNING * * *
You feel very sick.
Bnorton916's ghost hits you but does no damage.
You are lethally poisoned!
The white imp is struck by your spines.
You kill the white imp!
You have reached level 7!
Your demonic ancestry asserts itself...
Your feet thicken and deform.
You thump bnorton916's ghost! You kick bnorton916's ghost.
Bnorton916's ghost is almost destroyed.
* * * LOW HITPOINT WARNING * * *
You feel very sick.
The bullfrog simulacrum hits you but does no damage.
Bnorton916's ghost is struck by your spines.
Bnorton916's ghost hits you.
* * * LOW HITPOINT WARNING * * *
You are more poisoned.
The bullfrog simulacrum is struck by your spines.
The bullfrog simulacrum hits you but does no damage.
Bnorton916's ghost closely misses you.
You closely miss bnorton916's ghost.
You kick bnorton916's ghost, but do no damage.
Bnorton916's ghost is almost destroyed.
You die...

#.##....#
#.#.[..##.# .. # #
#.#...##... .. .# #
##.'...#$...#.##.
#####..'...#!.=...#.
.......'...##.....#
####...#....#.....##
# #...#....##.Z.W.#
# #.#.##....###@..#
.# #.#..##........##
.# #.##..###......#
.###.# #...#####.##
.. ..# #.. ...### .#
###.. .# ####
.########.#..
.†...<.......


You could see bnorton916's ghost and a bullfrog simulacrum.

Vanquished Creatures
  A water moccasin (D:5)
  A sky beast (D:4)
  A necrophage (D:5)
  A hound (D:5)
  A bullfrog skeleton (D:3)
  2 bullfrog simulacra (D:5)
  A howler monkey skeleton (D:5)
  5 adders
  A white imp (D:5)
  A howler monkey simulacrum (D:5)
  An adder skeleton (D:4)
  A worm (D:3)
  2 dart slugs (D:1)
  An orc (D:3)
  A ball python (D:4)
  7 endoplasms
  4 giant cockroaches
  3 goblins
  9 hobgoblins
  7 quokkas
  3 bats (D:1)
  3 frilled lizards (D:3)
  5 kobolds
  6 rats
68 creatures vanquished.

Notes
Turn   | Place    | Note
-------+----------+-------------------------------------------
     0 | D:1      | wingedge the Demonspawn Gladiator began the quest for the
                  | Orb.
     0 | D:1      | Reached XP level 1. HP: 16/16 MP: 1/1
   228 | D:1      | Gained mutation: Spells you cast may paralyse adjacent
                  | enemies. [demonic ancestry]
   228 | D:1      | Reached XP level 2. HP: 22/22 MP: 2/2
   413 | D:1      | Found a faded altar of an unknown god.
  1148 | D:2      | Reached XP level 3. HP: 28/28 MP: 3/3
  1225 | D:2      | Reached skill level 3 in Fighting
  2052 | D:3      | Gained mutation: You are partially covered in sharp spines.
                  | [demonic ancestry]
  2052 | D:3      | Reached XP level 4. HP: 35/35 MP: 4/4
  2130 | D:3      | Reached skill level 1 in Armour
  2290 | D:3      | You fall into a shaft and drop 1 floor!
  2290 | D:4      | Noticed a sky beast
  2301 | D:4      | Killed a sky beast
  2302 | D:4      | Reached skill level 4 in Fighting
  2302 | D:4      | Reached skill level 1 in Spellcasting
  2302 | D:4      | Reached skill level 1 in Summonings
  2302 | D:4      | Reached XP level 5. HP: 24/43 MP: 5/7
  3225 | D:5      | Entered Level 5 of the Dungeon
  3278 | D:4      | Learned a level 1 spell: Magic Dart
  3361 | D:5      | Gained mutation: You have large cloven feet. [demonic
                  | ancestry]
  3361 | D:5      | Reached XP level 6. HP: 47/49 MP: 8/8
  3362 | D:5      | Noticed a water moccasin
  3367 | D:4      | Learned a level 1 spell: Summon Small Mammal
  3375 | D:5      | Killed a water moccasin
  3376 | D:5      | Reached skill level 1 in Conjurations
  3764 | D:5      | Found a runed translucent gate.
  3764 | D:5      | Found a runed translucent gate.
  3766 | D:5      | Found a runed translucent gate.
  3789 | D:5      | Noticed bnorton916's ghost (novice DEFE)
  3801 | D:5      | Gained mutation: You have hoof-like feet. [demonic
                  | ancestry]
  3801 | D:5      | Reached XP level 7. HP: 12/55 MP: 6/10
  3802 | D:5      | Succumbed to bnorton916's ghost's poison

Illustrated notes

Levels and vault maps discovered:
D:1:      lemuel_arrival_cross, layout_basic,
          hellmonk_ecumenical_altar_arch_garden, chequers_serial_rivers_marsh
D:2:      minmay_wonky_spiral, layout_loops_corners, minmay_liquid_box
D:3:      layout_loops_cross
D:4:      layout_basic
D:5:      layout_loops_corners, lemuel_doored_altar, gammafunk_ghost_icy

Skill      XL: |  1  2  3  4  5  6 |
---------------+-------------------+-----
Throwing       | 2 |  2.0
Staves         | 3 |  3.4
Dodging        | 3 |  3.0
Fighting       | 3 4 |  4.9
Armour         | 1 2 |  2.0
Spellcasting   | 1 2 |  2.3
Summonings     | 1 2 |  2.0
Conjurations   | 1 |  1.6

Action                   |  1- 3 |  4- 6 |  7- 9 || total
-------------------------+-------+-------+-------++-------
Melee: Quarterstaff      |   124 |    61 |     2 ||   187
       Kick              |       |     6 |     2 ||     8
Throw: Throwing net      |       |     1 |       ||     1
 Cast: Magic Dart        |       |     5 |       ||     5
       Summon Small Mamm |       |     1 |       ||     1
Evoke: Wand              |       |     8 |       ||     8
  Use: Potion            |       |     4 |       ||     4
Armor: Ring mail         |    52 |    34 |     2 ||    88
       Leather armour    |     1 |       |       ||     1
Dodge: Dodged            |    57 |    20 |     1 ||    78
